Cogmind - Beta 11.1 *** ADVENTURER MODE // 2022.05.30 @ 21:56:38 Player: lobstro Result: Destroyed by G-67 Veteran with Field Laser Performance ------------- Evolutions (6) 3000 Regions Visited (15) 3000 Robots Destroyed (165) 825 Value Destroyed (6750) 6750 Prototype IDs (39) 780 Alien Tech Used (1) 200 Bonus (1808) 1808 TOTAL SCORE: 16363 Bonus ------- High Alert Combat Kills 132 Entered Garrisons 400 Used RIF Installer 1000 Aligned with FarCom 300 Friendly Fire -24 Cogmind --------- Core Integrity 0/1150 Matter 290/300 Energy 18/100 System Corruption 26% Temperature Cool (0) Movement Core (350) Ox6 Location -4/Factory Parts ------- > --- POWER (2) -------- (None) > --- PROPULSION (5) --- (None) > --- UTILITY (7) ------ Improved Sensor Array > --- WEAPON (5) ------- Phase Gun Phase Gun Phase Gun > --- INVENTORY (5) ---- Hacking Suite Peak State ------------ > --- POWER ------------ Light Neutrino Core Enhanced Fission Core > --- PROPULSION ------- Armored Medium Treads Armored Medium Treads Armored Medium Treads Improved Heavy Treads > --- UTILITY ---------- Advanced Sensor Array Improved Signal Interpreter Improved Melee Analysis Suite Improved Melee Analysis Suite Improved Transmission Jammer Point Defense System Relay Coupler [Grunt] > --- WEAPON ----------- High-powered Shock Rifle KE Penetrator KE Penetrator Bore Cannon Power Sword > --- INVENTORY -------- Micro Fission Core Improved Sensor Array Improved Target Analyzer Hacking Suite [Rating: 105] Favorites ----------- Power Improved Deuterium Engine Engine Improved Deuterium Engine Power Core Enhanced Fission Core Propulsion Armored Medium Treads Treads Armored Medium Treads Leg Aluminum Leg Wheel Wheel Hover Unit Airjet Utility Small Storage Unit Device Advanced Sensor Array Storage Small Storage Unit Processor Improved Signal Interpreter Hackware Hacking Suite Protection Improved Light Armor Plating Weapon KE Penetrator Energy Gun Heavy Laser Energy Cannon Light EM Pulse Cannon Ballistic Gun KE Penetrator Ballistic Cannon Improved Light Cannon Special Weapon Improved Remote Datajack Slashing Weapon Power Sword Build | -11 -10 -10 -10 -9 -8 -7 -7 -7 -7 -6 -5 -5 -5 -5 -4 ------- Run | Scr Mat Min Exi Min Mat Fac Gar Fac Sto Fac Fac Gar Fac Upp Fac Slots Evolved 12 | . . . . . 4 2 . . . 2 2 . . . 2 Power 1 | . . . . . . 1 . . . . . . . . . Propulsion 3 | . . . . . 1 . . . . 1 . . . . 1 Utility 5 | . . . . . 2 1 . . . 1 1 . . . . Weapon 3 | . . . . . 1 . . . . . 1 . . . 1 Parts Attached 177 | 9 4 1 . 4 15 16 1 12 30 8 11 18 15 6 27 Power 24 | 1 . 1 . 2 . 2 . 3 7 . . 3 1 1 3 Engine 17 | 1 . 1 . 2 . 2 . 3 5 . . 3 . . . Core 7 | . . . . . . . . . 2 . . . 1 1 3 Reactor . | . . . . . . . . . . . . . . . . Propulsion 49 | 4 1 . . 2 4 4 1 5 8 3 5 3 4 . 5 Treads 14 | . . . . . . . . . . . 5 3 4 . 2 Leg 3 | . . . . . . . . . 2 1 . . . . . Wheel 24 | 4 1 . . 2 4 4 1 2 3 2 . . . . 1 Hover 8 | . . . . . . . . 3 3 . . . . . 2 Flight . | . . . . . . . . . . . . . . . . Utility 49 | 2 1 . . . 6 4 . 2 9 3 2 6 3 4 7 Device 27 | 1 1 . . . 1 1 . 1 5 3 1 4 2 4 3 Storage 3 | 1 . . . . . . . . 1 . . . . . 1 Processor 12 | . . . . . 4 2 . . 2 . . . 1 . 3 Hackware 4 | . . . . . 1 1 . 1 . . . 1 . . . Protection 3 | . . . . . . . . . 1 . 1 1 . . . Artifact . | . . . . . . . . . . . . . . . . Weapon 55 | 2 2 . . . 5 6 . 2 6 2 4 6 7 1 12 Energy Gun 13 | . . . . . 1 . . . 2 . . 4 2 . 4 Energy Cannon 21 | . 1 . . . 3 6 . 1 1 1 2 . 2 . 4 Ballistic Gun 9 | 2 . . . . 1 . . . 1 1 . 1 2 1 . Ballistic Cannon 4 | . 1 . . . . . . . . . . 1 . . 2 Launcher . | . . . . . . . . . . . . . . . . Special Weapon 6 | . . . . . . . . 1 2 . 2 . 1 . . Impact Weapon . | . . . . . . . . . . . . . . . . Slashing Weapon 2 | . . . . . . . . . . . . . . . 2 Piercing Weapon . | . . . . . . . . . . . . . . . . Special Melee Weapon . | . . . . . . . . . . . . . . . . Unidentified Prototypes 4 | . . . . . . . . . . . . . 1 1 2 Corrupted Parts 3 | . . . . . . . . . 2 . 1 . . . . System Corruption 9 | . . . . . . . . . 7 . 2 . . . . Parts Lost 63 | . . . . . 4 . . 1 14 . . 5 7 . 32 Power 9 | . . . . . . . . 1 3 . . . 1 . 4 Propulsion 13 | . . . . . 2 . . . 3 . . . 1 . 7 Utility 18 | . . . . . 1 . . . 4 . . 2 2 . 9 Weapon 23 | . . . . . 1 . . . 4 . . 3 3 . 12 Highest Loss Streak 15 | . . . . . 2 . . 1 14 . . 2 7 . 15 To Critical Strikes 2 | . . . . . . . . . . . . . . . 2 Average Slot Usage (%) 96 | . 99 100 100 100 98 99 100 99 77 98 99 99 99 100 74 Engine 9 | . 14 14 14 14 9 14 15 15 11 13 11 11 5 . . Core 2 | . . . . . . . . . 1 . . . 4 11 7 Treads 9 | . . . . . . . . . . . 15 22 23 23 15 Wheel 13 | . 28 28 28 28 26 22 23 10 12 24 7 . . . . Device 12 | . 14 14 14 14 7 1 . . 5 15 17 13 17 23 13 Storage 7 | . 14 14 14 14 9 7 7 7 6 6 5 5 5 5 2 Processor 9 | . . . . . 10 13 15 11 12 13 11 11 10 5 10 Hackware 5 | . . . . . 8 15 15 17 4 . . 4 5 5 4 Energy Gun 2 | . . . . . 1 . . . 5 6 . 6 1 5 3 Energy Cannon 10 | . 5 14 14 14 16 18 23 20 2 5 10 4 4 5 3 Ballistic Gun 3 | . 15 . . . . 3 . . . 3 5 2 4 11 6 Ballistic Cannon 3 | . 6 14 14 14 8 . . . . . . 1 4 . 1 Special Weapon 1 | . . . . . . . . 1 3 2 5 5 4 . . Naked Turns 2 | . . . . . . . . . . . . . . . 2 Heaviest Build 65 | 13 17 17 17 24 30 43 42 44 44 49 57 57 57 55 65 Greatest Support 156 | 32 20 20 20 22 34 34 34 32 42 52 108 104 108 108 156 Greatest Overweight (x) 9 | . . . . 1 1 1 1 2 9 1 1 . . . 3 Average Overweight (x) . | . . . . . . . 1 1 . . . . . . . Largest Inventory Capacity 8 | 8 8 8 8 8 8 8 8 8 8 8 8 8 8 8 8 Average Capacity 7 | 7 8 8 8 8 8 8 8 8 7 8 8 8 8 8 6 Most Carried 8 | 8 8 8 8 8 8 8 8 8 8 8 8 8 8 8 7 Average Carried 7 | 4 7 8 7 7 7 5 7 7 6 7 6 7 7 7 4 Final Capacity 8 | 8 8 8 8 8 8 8 8 8 8 8 8 8 8 8 5 Final Carried 8 | 7 8 8 8 8 7 8 7 6 7 8 8 8 5 7 1 Class Distribution -------------------- 42% | Scavenger-Skirmisher 27% | Hacker-Skirmisher 17% | Mutant 4% | Scavenger-Mutant Dominant Class ---------------- Mutant | -10/Materials Mutant | -10/Mines Mutant | -10/Exiles Mutant | -9/Mines Hacker-Skirmisher | -8/Materials Hacker-Skirmisher | -7/Factory Hacker-Skirmisher | -7/Garrison Hacker-Skirmisher | -7/Factory Scavenger-Mutant | -7/Storage Scavenger-Skirmisher | -6/Factory Scavenger-Skirmisher | -5/Factory Scavenger-Skirmisher | -5/Garrison Scavenger-Skirmisher | -5/Factory Scavenger-Skirmisher | -5/Upper Caves Scavenger-Assassin | -4/Factory Resources | -11 -10 -10 -10 -9 -8 -7 -7 -7 -7 -6 -5 -5 -5 -5 -4 ----------- Run | Scr Mat Min Exi Min Mat Fac Gar Fac Sto Fac Fac Gar Fac Upp Fac Matter Collected 3282 | 191 175 100 . 96 342 208 44 50 494 20 344 425 395 41 357 Remotely . | . . . . . . . . . . . . . . . . Salvage Created 6800 | 34 161 77 . 341 1193 704 332 176 671 42 619 1074 905 . 471 Parts 389 | 11 13 10 . 19 61 37 17 13 44 9 32 39 56 . 28 Haulers Intercepted 1 | . . . . . 1 . . . . . . . . . . Recyclers Shooed 2 | . . . . . . . . . . . . . . . 2 Parts Field Recycled . | . . . . . . . . . . . . . . . . Retrieved Matter . | . . . . . . . . . . . . . . . . Parts Self-Destructed . | . . . . . . . . . . . . . . . . Prevented . | . . . . . . . . . . . . . . . . Kills | -11 -10 -10 -10 -9 -8 -7 -7 -7 -7 -6 -5 -5 -5 -5 -4 ------- Run | Scr Mat Min Exi Min Mat Fac Gar Fac Sto Fac Fac Gar Fac Upp Fac Combat Hostiles Destroyed 124 | . 5 6 . 10 19 12 8 1 7 . 13 20 13 . 10 Melee 2 | . . . . . . . . . . . . . . . 2 Guns 31 | . 2 . . . 1 2 . . 6 . 5 12 . . 3 Cannons 83 | . 3 6 . 9 16 9 7 1 1 . 8 6 12 . 5 AOE 2 | . . . . 1 . . . . . . . 1 . . . Classes Destroyed 15 | 1 3 . . 2 5 2 . . 1 . . 1 . . . Worker 5 | . . . . . . 1 . . 2 1 . . 1 . . Builder 3 | . . . . . . . . . 2 . . . 1 . . Tunneler 3 | 2 . . . . 1 . . . . . . . . . . Hauler 1 | . . . . . 1 . . . . . . . . . . Recycler 6 | . . . . . 2 . . 1 2 . . . 1 . . Operator 9 | . . . . . 2 2 . 1 1 1 1 . 1 . . Watcher 14 | . 2 . . . 5 1 . 2 2 . . . 1 . 1 Swarmer 35 | . 3 6 . 3 4 . 4 . . . 5 7 . . 3 Grunt 42 | . 2 . . 4 7 10 3 . 3 . 4 9 . . . Brawler 4 | . . . . 1 . . 1 . . . 1 1 . . . Duelist 2 | . . . . . 1 . . . . . 1 . . . . Sentry 14 | . . . . 2 5 . . . 3 . . 2 2 . . Hunter 3 | . . . . . 2 . . . . . . . . . 1 Programmer 23 | . . . . . . 2 . 1 1 . 2 . 11 . 6 Behemoth 1 | . . . . . . . . . . . . 1 . . . Best Kill Streak 7 | 1 3 3 . 3 5 3 4 2 7 1 5 3 5 . 4 Combat Bots Only 5 | . 3 3 . 3 4 3 4 1 5 . 5 3 4 . 4 Max Kills in Single Turn 2 | 1 1 2 . 2 2 1 1 1 2 1 1 2 1 . 1 Gunslinging 1 | . . . . . . . . . . . . 1 . . . Exploded 1 | . . . . 1 . . . . . . . 1 . . . Melee 1 | . . . . . . . . . . . . . . . 1 Uniques/NPCs Destroyed . | . . . . . . . . . . . . . . . . Combat | -11 -10 -10 -10 -9 -8 -7 -7 -7 -7 -6 -5 -5 -5 -5 -4 -------- Run | Scr Mat Min Exi Min Mat Fac Gar Fac Sto Fac Fac Gar Fac Upp Fac Damage Taken 12651 | . 89 42 . 164 808 227 185 192 1286 . 518 2150 1877 . 5113 Core 2979 | . 21 . . 39 371 37 80 4 491 . 27 273 476 . 1160 Absorbed by Shields . | . . . . . . . . . . . . . . . . Regen/Repaired (Parts) 358 | . 28 . . . . 330 . . . . . . . . . Core Remaining (%) 57 | 100 . . . 76 32 . . . 12 100 . . . 22 . Volleys Fired 336 | 2 17 6 . 14 52 29 14 26 44 2 27 52 33 1 17 Largest 4 | 2 2 2 . 2 3 3 3 3 2 3 3 3 3 4 4 Hottest 360 | 40 95 95 . 95 170 236 236 236 136 185 180 219 191 216 360 Shots Fired 778 | 4 34 12 . 28 153 73 32 47 50 5 71 127 98 4 40 Gun 263 | 4 22 . . . 7 7 . . 42 3 27 91 45 3 12 Cannon 499 | . 12 12 . 28 146 66 32 37 8 2 44 30 53 1 28 Launcher . | . . . . . . . . . . . . . . . . Special 16 | . . . . . . . . 10 . . . 6 . . . Kinetic 236 | 4 28 6 . 14 50 7 . . 5 1 27 28 54 2 10 Thermal 255 | . . . . . 23 33 18 21 37 2 . 63 34 1 23 Explosive . | . . . . . . . . . . . . . . . . Electromagnetic 271 | . 6 6 . 14 80 33 14 16 8 2 44 30 10 1 7 Robot Hit Streak 24 | 2 14 2 . 13 24 11 19 11 17 4 12 22 10 . 13 Robot Miss Streak 4 | . 3 2 . 2 3 2 3 4 4 2 4 4 4 . 3 Penetration Max . | . . . . . . . . . . . . . . . . Secondary Targets 1 | . . . . . . . . . . . . 1 . . . Max Gunslinging Chain 1 | . . . . . . . . . . . . 1 . . . Shots Hit Robots 539 | 2 25 5 . 20 111 51 21 35 45 4 45 89 50 . 36 Core Hits 272 | 2 10 6 . 12 41 30 10 9 43 3 25 39 27 . 15 Critical Kills 4 | 1 . . . . . . 1 . . . . . 2 . . Critical Parts Destroyed . | . . . . . . . . . . . . . . . . Critical Strikes 17 | 1 . . . . 2 . 1 . 1 . . 3 5 . 4 Burn 5 | . . . . . . . . . 1 . . 3 1 . . Meltdown 2 | . . . . . . . 1 . . . . . 1 . . Destroy 2 | 1 . . . . . . . . . . . . 1 . . Blast 3 | . . . . . 1 . . . . . . . 2 . . Corrupt 2 | . . . . . 1 . . . . . . . . . 1 Sever 3 | . . . . . . . . . . . . . . . 3 Melee Attacks 19 | . . . . . . . . . . . . . . . 19 Thermal 6 | . . . . . . . . . . . . . . . 6 Impact . | . . . . . . . . . . . . . . . . Slashing 13 | . . . . . . . . . . . . . . . 13 Piercing . | . . . . . . . . . . . . . . . . Sneak Attacks 2 | . . . . . . . . . . . . . . . 2 Combat Hostiles . | . . . . . . . . . . . . . . . . Follow-up Attacks . | . . . . . . . . . . . . . . . . Damage Inflicted 13989 | 28 481 145 . 480 2638 1327 670 771 988 76 1268 1964 1700 . 1453 Guns 3666 | 28 203 . . . 129 132 . . 803 44 412 1255 433 . 227 Cannons 9250 | . 221 145 . 421 2449 1195 670 711 185 32 743 592 1267 . 619 Explosions 490 | . 57 . . 59 60 . . 60 . . 113 117 . . 24 Melee 549 | . . . . . . . . . . . . . . . 549 Ramming 34 | . . . . . . . . . . . . . . . 34 Kinetic 3129 | 28 291 88 . 175 587 132 . . 134 24 412 307 677 . 274 Thermal 5182 | . 57 . . 59 497 544 279 484 669 20 113 1065 971 . 424 Explosive . | . . . . . . . . . . . . . . . . Electromagnetic 5095 | . 133 57 . 246 1554 651 391 287 185 32 743 592 52 . 172 Impact . | . . . . . . . . . . . . . . . . Slashing 549 | . . . . . . . . . . . . . . . 549 Piercing . | . . . . . . . . . . . . . . . . Highest Corruption 26 | . . . . . . 3 3 4 11 . 2 . 3 2 26 Average Corruption 4 | . . . . . . 2 3 3 8 . 1 . 1 1 9 Corruption Purged 5 | . . . . . . . . . . . 2 . 1 2 . Corruption Blocked . | . . . . . . . . . . . . . . . . Effects 81 | . . . . . . 8 6 12 27 . 1 . 4 1 22 Message Errors 9 | . . . . . . 2 . . 4 . . . 1 . 2 Matter Fused 22 | . . . . . . 2 2 5 6 . . . 1 . 6 Heat Flow Errors 11 | . . . . . . 2 1 3 4 . . . 1 . . Energy Discharges 10 | . . . . . . . . . 2 . 1 . 1 1 5 Parts Rejected 2 | . . . . . . . . . . . . . . . 2 Data Loss (minor) 8 | . . . . . . . 3 2 3 . . . . . . Data Loss (major) 3 | . . . . . . . . 1 1 . . . . . 1 Misfires 6 | . . . . . . 2 . . 3 . . . . . 1 Alerts 2 | . . . . . . . . 1 1 . . . . . . Misdirections 7 | . . . . . . . . . 2 . . . . . 5 Weapon Failures 1 | . . . . . . . . . 1 . . . . . . Overload Shots . | . . . . . . . . . . . . . . . . Overflow Damage 121 | . 11 . . . 27 . . 7 8 . 31 . . . 37 Projectiles 79 | . 11 . . . 27 . . 7 8 . 2 . . . 24 Explosions 29 | . . . . . . . . . . . 29 . . . . Melee 13 | . . . . . . . . . . . . . . . 13 Knockbacks 9 | . 1 . . . 5 . . . . . . . 1 . 2 Impact . | . . . . . . . . . . . . . . . . Kinetic 9 | . 1 . . . 5 . . . . . . . 1 . 2 Secondary . | . . . . . . . . . . . . . . . . Self-Inflicted Damage 170 | . 20 . . . 37 . . . . . 24 . . . 89 Shots 4 | . 1 . . . 1 . . . . . 1 . . . 1 Rammed 6 | . . . . . . . . . . . . . . . 6 Targets Rammed 6 | . . . . . . . . . . . . . . . 6 Kicked . | . . . . . . . . . . . . . . . . Crushed . | . . . . . . . . . . . . . . . . Highest Temperature 1110 | . 117 99 . 197 563 495 669 513 331 138 495 586 644 144 1110 Average Temperature 175 | . 46 37 . 79 150 189 225 179 92 64 212 170 214 76 400 Received Heat Transfer 1780 | . 24 . . 57 171 63 9 27 567 . 54 508 135 . 165 Effects 154 | . . . . . 19 13 20 9 . . 11 33 31 . 18 Shutdowns 36 | . . . . . 2 5 6 2 . . 5 5 7 . 4 Energy Bleed 21 | . . . . . 3 . 3 2 . . 2 4 3 . 4 Interference 35 | . . . . . 5 5 4 3 . . 2 13 3 . . Matter Decay 9 | . . . . . 1 . 1 . . . 1 3 2 . 1 Short Circuit 9 | . . . . . . 3 1 . . . 1 1 2 . 1 Damage (minor) 6 | . . . . . 1 . . . . . . 2 2 . 1 Damage (major) 31 | . . . . . 4 . 4 2 . . . 4 10 . 7 Damage (core) 7 | . . . . . 3 . 1 . . . . 1 2 . . Siege Activations . | . . . . . . . . . . . . . . . . Robots Corrupted 3 | . . . . . 2 1 . . . . . . . . . Combat Hostiles 3 | . . . . . 2 1 . . . . . . . . . Parts Fried 23 | . 1 . . 1 11 2 . 2 2 . 3 1 . . . Impact Corruptions . | . . . . . . . . . . . . . . . . Robots Melted 3 | . . . . . . . 1 . . . . 1 1 . . Combat Hostiles 3 | . . . . . . . 1 . . . . 1 1 . . Parts Melted 14 | . . . . . 1 1 2 . 2 . . 3 3 . 2 Heat Transferred 8324 | . 100 . . 50 753 935 472 696 1467 50 100 2048 1116 . 537 Parts Sabotaged 3 | . . . . . . . . . . . . . . . 3 Parts Stolen . | . . . . . . . . . . . . . . . . Parts Stripped . | . . . . . . . . . . . . . . . . Power Chain Reactions 8 | . 1 . . 1 1 . . 1 . . 2 2 . . . Missiles Intercepted . | . . . . . . . . . . . . . . . . Alert | -11 -10 -10 -10 -9 -8 -7 -7 -7 -7 -6 -5 -5 -5 -5 -4 ------- Run | Scr Mat Min Exi Min Mat Fac Gar Fac Sto Fac Fac Gar Fac Upp Fac Peak Influence 594 | 10 124 158 . 143 249 202 534 294 115 12 235 594 350 . 157 Initial 269 | . 5 35 . . . 58 124 242 43 4 . 144 269 . . Average 134 | 2 35 97 . 74 80 51 300 208 38 4 109 401 179 . 28 Maximum Alert Level 2 | . . . . . 1 1 2 1 . . 1 2 1 . . Low Security (%) 74 | 100 100 100 . 100 93 98 38 30 100 100 74 6 55 . 100 Level 1 17 | . . . . . 6 1 22 69 . . 25 46 44 . . Level 2 7 | . . . . . . . 39 . . . . 47 . . . Level 3 . | . . . . . . . . . . . . . . . . Level 4 . | . . . . . . . . . . . . . . . . Level 5 . | . . . . . . . . . . . . . . . . High Security . | . . . . . . . . . . . . . . . . Max Security . | . . . . . . . . . . . . . . . . Squads Dispatched 28 | . . . . . . 7 . 1 1 1 5 . 6 . 7 Investigation 4 | . . . . . . 3 . . . . . . . . 1 Extermination 12 | . . . . . . 2 . 1 . 1 2 . 4 . 2 Reinforcement 8 | . . . . . . 2 . . 1 . . . 2 . 3 Assault 1 | . . . . . . . . . . . . . . . 1 Garrison 3 | . . . . . . . . . . . 3 . . . . Intercept . | . . . . . . . . . . . . . . . . Searches Triggered . | . . . . . . . . . . . . . . . . Construction Impeded 1 | . . . . . . . . . . . . . . . 1 Haulers Reinforced . | . . . . . . . . . . . . . . . . Active Scanning Responses . | . . . . . . . . . . . . . . . . Cargo Convoy Interrupts 1 | . . . . . . 1 . . . . . . . . . Stealth | -11 -10 -10 -10 -9 -8 -7 -7 -7 -7 -6 -5 -5 -5 -5 -4 --------- Run | Scr Mat Min Exi Min Mat Fac Gar Fac Sto Fac Fac Gar Fac Upp Fac Distress Signals 6 | . . . . . 2 1 . 1 . . . . 1 . 1 Communications Jammed 21 | . . . . . . . . . . . . . . . 21 Distress Signals 21 | . . . . . . . . . . . . . . . 21 Times Spotted 196 | . 9 6 . 8 23 16 7 9 16 1 14 35 17 . 35 Peak Tracking Total 13 | . 3 3 . 3 4 3 5 3 6 1 3 6 5 . 13 Tactical Retreats 18 | . . . . . 1 2 1 1 . . 1 8 . . 4 Traps | -11 -10 -10 -10 -9 -8 -7 -7 -7 -7 -6 -5 -5 -5 -5 -4 ------- Run | Scr Mat Min Exi Min Mat Fac Gar Fac Sto Fac Fac Gar Fac Upp Fac Traps Triggered 14 | . . . . . 1 . 4 . 5 . 1 . 2 . 1 Indirectly . | . . . . . . . . . . . . . . . . Trap Hack Attempts . | . . . . . . . . . . . . . . . . Triggered . | . . . . . . . . . . . . . . . . Disarmed . | . . . . . . . . . . . . . . . . Reprogrammed . | . . . . . . . . . . . . . . . . Reused . | . . . . . . . . . . . . . . . . Traps Extracted . | . . . . . . . . . . . . . . . . Installed . | . . . . . . . . . . . . . . . . Triggered 2 | . . . . . . 1 . . . . . . . . 1 Machines | -11 -10 -10 -10 -9 -8 -7 -7 -7 -7 -6 -5 -5 -5 -5 -4 ---------- Run | Scr Mat Min Exi Min Mat Fac Gar Fac Sto Fac Fac Gar Fac Upp Fac Machines Disabled 22 | . . . . 1 2 5 1 . . . 1 1 3 1 7 Max in Single Turn 7 | . . . . 1 1 1 1 . . . 1 1 1 1 7 Garrison Access 2 | . . . . . . . . . . . . . 1 . 1 Garrison Relay 2 | . . . . . . . 1 . . . . 1 . . . Machines Sabotaged . | . . . . . . . . . . . . . . . . Garrisons Compromised 1 | . . . . . . 1 . . . . . . . . . Overloaded Fab Kills . | . . . . . . . . . . . . . . . . Hacking | -11 -10 -10 -10 -9 -8 -7 -7 -7 -7 -6 -5 -5 -5 -5 -4 --------- Run | Scr Mat Min Exi Min Mat Fac Gar Fac Sto Fac Fac Gar Fac Upp Fac Machines Accessed 57 | . 8 . 1 . 14 11 . 3 6 4 1 . 5 2 2 Terminals 38 | . 6 . . . 11 6 . 2 5 4 . . 3 . 1 Fabricators 4 | . . . . . . 2 . 1 . . . . 1 . . Repair Stations 4 | . 1 . . . . 2 . . 1 . . . . . . Recycling Units 3 | . 1 . . . 2 . . . . . . . . . . Scanalyzers 1 | . . . . . 1 . . . . . . . . . . Garrison Access 4 | . . . . . . 1 . . . . 1 . 1 . 1 Total Hacks 154 | . 27 . 1 . 39 38 . 5 16 8 1 . 13 2 4 Successful 107 | . 17 . 1 . 27 29 . 4 10 6 1 . 9 2 1 Failed 47 | . 10 . . . 12 9 . 1 6 2 . . 4 . 3 Catastrophic 4 | . 1 . . . 1 . . . . 1 . . . . 1 Database Lockouts . | . . . . . . . . . . . . . . . . Manual 2 | . . . 1 . . . . . 1 . . . . . . Terminals 114 | . 23 . . . 31 20 . 4 14 8 . . 11 . 3 Fabricators 7 | . . . . . . 5 . 1 . . . . 1 . . Repair Stations 15 | . 2 . . . . 11 . . 2 . . . . . . Recycling Units 4 | . 2 . . . 2 . . . . . . . . . . Scanalyzers 6 | . . . . . 6 . . . . . . . . . . Garrison Access 5 | . . . . . . 2 . . . . 1 . 1 . 1 Terminal Hacks 72 | . 14 . 1 . 19 11 . 3 9 6 . . 7 2 . Record 15 | . 3 . . . 5 2 . . . 1 . . 3 1 . Robot Analysis 4 | . . . . . 1 1 . 1 . 1 . . . . . Prototype ID Bank 7 | . 2 . . . 4 . . . 1 . . . . . . Open Door 3 | . . . . . . . . . 2 . . . . 1 . Branch Access Points 5 | . 1 . . . 1 1 . . 1 . . . 1 . . Emergency Access Points 4 | . 1 . . . 1 1 . . . . . . 1 . . Terminal Index 1 | . . . . . 1 . . . . . . . . . . Alert Level 2 | . . . . . 1 1 . . . . . . . . . Unreport Threat 3 | . . . . . . 1 . . 1 1 . . . . . Locate Traps 15 | . 3 . . . 2 3 . 1 2 2 . . 2 . . Surveillance Status 2 | . 1 . . . 1 . . . . . . . . . . Registered Prototypes 1 | . . . . . . . . 1 . . . . . . . Zone Layout 9 | . 3 . . . 2 1 . . 2 1 . . . . . EX-Prototype ID Bank 1 | . . . 1 . . . . . . . . . . . . Fabricator Hacks 7 | . . . . . . 5 . 1 . . . . 1 . . Network Status 2 | . . . . . . 1 . 1 . . . . . . . Load Schematic 1 | . . . . . . 1 . . . . . . . . . Build 4 | . . . . . . 3 . . . . . . 1 . . Repair Station Hacks 14 | . 2 . . . . 11 . . 1 . . . . . . Scan Component 8 | . 1 . . . . 6 . . 1 . . . . . . Repair 6 | . 1 . . . . 5 . . . . . . . . . Recycling Unit Hacks 3 | . 1 . . . 2 . . . . . . . . . . Retrieve Components 3 | . 1 . . . 2 . . . . . . . . . . Scanalyzer 6 | . . . . . 6 . . . . . . . . . . Insert Component 4 | . . . . . 4 . . . . . . . . . . Analyze 2 | . . . . . 2 . . . . . . . . . . Garrison Access Hacks 5 | . . . . . . 2 . . . . 1 . 1 . 1 Unlock Access 3 | . . . . . . 1 . . . . 1 . . . 1 Seal Access 1 | . . . . . . . . . . . . . 1 . . Coupler Status 1 | . . . . . . 1 . . . . . . . . . Unauthorized Hacks . | . . . . . . . . . . . . . . . . Terminals . | . . . . . . . . . . . . . . . . Fabricators . | . . . . . . . . . . . . . . . . Repair Stations . | . . . . . . . . . . . . . . . . Recycling Units . | . . . . . . . . . . . . . . . . Scanalyzers . | . . . . . . . . . . . . . . . . Garrison Access . | . . . . . . . . . . . . . . . . Data Cores Recovered 7 | . . . . . 2 2 . 1 . 1 1 . . . . Used 2 | . . . . . . 1 . . . 1 . . . . . Hacking Detections 43 | . 7 . . . 11 10 . 2 4 4 1 . 2 . 2 Full Trace Events 4 | . . . . . . 3 . . . . . . . . 1 Feedback Events . | . . . . . . . . . . . . . . . . Feedback Blocked . | . . . . . . . . . . . . . . . . Robot Schematics Acquired . | . . . . . . . . . . . . . . . . Robots Built . | . . . . . . . . . . . . . . . . Authchips . | . . . . . . . . . . . . . . . . Time . | . . . . . . . . . . . . . . . . Total Robot Build Rating . | . . . . . . . . . . . . . . . . Part Schematics Acquired 2 | . . . . . 2 . . . . . . . . . . Parts Built 6 | . . . . . . 4 . . . . . . 2 . . Authchips . | . . . . . . . . . . . . . . . . Time 274 | . . . . . . 221 . . . . . . 53 . . Total Part Build Rating 29 | . . . . . . 17 . . . . . . 12 . . Parts Repaired 6 | . 1 . . . . 5 . . . . . . . . . Time 208 | . 26 . . . . 182 . . . . . . . . . Parts Recycled . | . . . . . . . . . . . . . . . . Recycled Matter . | . . . . . . . . . . . . . . . . Retrieved Matter . | . . . . . . . . . . . . . . . . Retrieved Components 18 | . 8 . . . 10 . . . . . . . . . . Parts Scanalyzed 2 | . . . . . 2 . . . . . . . . . . Part Schematics Acquired 2 | . . . . . 2 . . . . . . . . . . Parts Damaged . | . . . . . . . . . . . . . . . . Bothacking | -11 -10 -10 -10 -9 -8 -7 -7 -7 -7 -6 -5 -5 -5 -5 -4 ------------ Run | Scr Mat Min Exi Min Mat Fac Gar Fac Sto Fac Fac Gar Fac Upp Fac Used RIF Installer 2 | . . . . . . . 1 . . . . 1 . . . Threat Obfuscator 1 | . . . . . . . . . . . . 1 . . . Robots Hacked 10 | . . . . . . . . 6 . . . 4 . . . Non-combat 6 | . . . . . . . . 6 . . . . . . . Combat 4 | . . . . . . . . . . . . 4 . . . Robot Hacks Applied 13 | . . . . . . . . 8 . . . 5 . . . generate_echo 1 | . . . . . . . . 1 . . . . . . . map_earth 1 | . . . . . . . . 1 . . . . . . . link_fov 3 | . . . . . . . . 3 . . . . . . . disrupt_area 1 | . . . . . . . . . . . . 1 . . . overload_power 4 | . . . . . . . . . . . . 4 . . . formatsys_low 3 | . . . . . . . . 3 . . . . . . . Relay Couplers Released 8 | . . . . . . . 3 . . . . 5 . . . Machine Destruction 8 | . . . . . . . 3 . . . . 5 . . . Attached 2 | . . . . . . . . 1 . . . 1 . . . Fabnet Peak Effective % . | . . . . . . . . . . . . . . . . Robots Rewired . | . . . . . . . . . . . . . . . . Allies Hacked . | . . . . . . . . . . . . . . . . Hacks Repelled . | . . . . . . . . . . . . . . . . Allies | -11 -10 -10 -10 -9 -8 -7 -7 -7 -7 -6 -5 -5 -5 -5 -4 -------- Run | Scr Mat Min Exi Min Mat Fac Gar Fac Sto Fac Fac Gar Fac Upp Fac Total Allies 4 | . . . . . . . . 3 . . . . . 1 . Largest Group 3 | . . . . . . . . 3 . . . . . 1 . Highest-Rated Group 167 | . . . . . . . . 26 . . . . . 167 . Highest-Rated Ally 167 | . . . . . . . . 10 . . . . . 167 . Total Orders 12 | . . . . . . 1 . 3 1 . . 2 . 4 1 ROAM 3 | . . . . . . . . 3 . . . . . . . EXPLORE 7 | . . . . . . . . . . . . 2 . 4 1 RETURN 2 | . . . . . . 1 . . 1 . . . . . . Ally Attacks . | . . . . . . . . . . . . . . . . Total Damage . | . . . . . . . . . . . . . . . . Kills . | . . . . . . . . . . . . . . . . Allies Corrupted . | . . . . . . . . . . . . . . . . Allies Melted . | . . . . . . . . . . . . . . . . Intel | -11 -10 -10 -10 -9 -8 -7 -7 -7 -7 -6 -5 -5 -5 -5 -4 ------- Run | Scr Mat Min Exi Min Mat Fac Gar Fac Sto Fac Fac Gar Fac Upp Fac Robot Analysis Total 4 | . . . . . 1 1 . 1 . 1 . . . . . Derelict Logs Recovered 3 | . . 1 . 1 . . . . . . . . . 1 . Drone Launches 13 | . . . . . . 1 . . 3 . . 2 . 4 3 Drone Recoveries 5 | . . . . . . 1 . . 1 . . 1 . 2 . Exploration | -11 -10 -10 -10 -9 -8 -7 -7 -7 -7 -6 -5 -5 -5 -5 -4 ------------- Run | Scr Mat Min Exi Min Mat Fac Gar Fac Sto Fac Fac Gar Fac Upp Fac Turns Passed 14918 | 154 667 444 177 881 1927 1477 470 578 655 847 798 1798 1462 1696 887 Spaces Moved 9327 | 90 498 531 220 831 1117 954 305 337 455 601 377 882 744 938 447 Core 54 | 1 . . . . . . . . 18 . . . . . 35 Treads 3125 | . . . . . . . . . . . 251 882 744 938 310 Legs 11 | . . . . . . . . . 11 . . . . . . Wheels 5728 | 89 498 531 220 831 1117 954 305 127 325 601 126 . . . 4 Hover 409 | . . . . . . . . 210 101 . . . . . 98 Flight . | . . . . . . . . . . . . . . . . Fastest Speed 45 | 50 80 80 80 80 83 86 98 98 50 90 90 166 167 170 45 Average Speed 116 | 92 80 80 80 89 85 100 100 106 102 91 146 166 167 170 133 Slowest Speed 500 | 100 80 80 80 100 100 101 101 181 500 108 250 167 170 170 250 Overloaded Moves . | . . . . . . . . . . . . . . . . Propulsion Burnouts . | . . . . . . . . . . . . . . . . Robots Hopped . | . . . . . . . . . . . . . . . . Cave-ins Triggered . | . . . . . . . . . . . . . . . . Exploration Rate (%) 48 | 7 80 89 62 96 70 25 48 13 54 14 6 75 19 98 19 Regions Visited 15 Branch Regions 5 Pre-discovered Areas . | . . . . . . . . . . . . . . . . Known Exits Taken 8 | . 1 . . . . 1 . 1 1 1 1 . 1 1 . Unknown Exits Taken 5 | 1 . 1 1 1 1 . . . . . . . . . . Scrap Searched 6 | . . 2 . 2 . . . . . . . . . 2 . Spaces Dug 2 | . . . . . . . . . . . . . 2 . . Terrain Destroyed 120 | . 6 1 . 6 5 . . . . . 7 7 13 1 74 Melee . | . . . . . . . . . . . . . . . . Projectile 30 | . 1 1 . 1 3 . . . . . . . 13 1 10 AOE 90 | . 5 . . 5 2 . . . . . 7 7 . . 64 Terrain Rammed . | . . . . . . . . . . . . . . . . Walls Destroyed . | . . . . . . . . . . . . . . . . Machines Disabled . | . . . . . . . . . . . . . . . . Actions | -11 -10 -10 -10 -9 -8 -7 -7 -7 -7 -6 -5 -5 -5 -5 -4 --------- Run | Scr Mat Min Exi Min Mat Fac Gar Fac Sto Fac Fac Gar Fac Upp Fac Total 12719 | 153 735 538 221 942 1979 1416 444 519 589 893 572 1117 895 1039 667 Wait 2665 | 42 200 . . 90 769 408 91 136 47 275 145 152 82 82 146 Move 9310 | 89 497 530 219 830 1116 953 303 336 454 600 376 880 743 937 447 Hop . | . . . . . . . . . . . . . . . . Pick Up 73 | 9 8 . 1 1 14 4 1 2 6 2 4 4 7 7 3 Fast Attach 80 | 7 2 . . . 4 5 . 3 19 6 4 6 4 2 18 Attach 53 | . . . . . 7 5 1 3 9 1 4 6 4 5 8 Detach 10 | . . . . . 1 1 . 1 4 1 . 1 . 1 . Swap 45 | 2 2 1 . 4 4 6 . 6 2 1 3 6 7 . 1 Drop 90 | 2 9 1 1 3 12 5 2 6 4 5 9 10 15 4 2 Fire 336 | 2 17 6 . 14 52 29 14 26 44 2 27 52 33 1 17 Melee 19 | . . . . . . . . . . . . . . . 19 Ram 5 | . . . . . . . . . . . . . . . 5 Kick . | . . . . . . . . . . . . . . . . Crush 1 | . . . . . . . . . . . . . . . 1 Escape Stasis 32 | . . . . . . . 32 . . . . . . . . Rewire . | . . . . . . . . . . . . . . . . Trap . | . . . . . . . . . . . . . . . . Miscellaneous . | . . . . . . . . . . . . . . . . Route ------- -11/Scrapyard -10/Materials (discovered 4 exits: [*Mat x3] / *Min) -10/Mines (discovered 3 exits: [*Mat x2] / *Exi) -10/Exiles -9/Mines (discovered 2 exits: *Mat x2) -8/Materials (discovered 2 exits: *Fac x2) -7/Factory (discovered 5 exits: Sto x2 / *Low x2 / Gar) -7/Garrison -7/Factory -7/Storage (discovered 2 exits: *Fac / Rec) -6/Factory -5/Factory -5/Garrison (discovered 3 exits: *Fac x3) -5/Factory (discovered 3 exits: *Fac / *Upp x2) -5/Upper Caves (discovered 2 exits: [*Upp] / *Fac) -4/Factory (discovered 1 exit: Res) History --------- Turn | Location | Event 10 | -11/Scrapyard | Discovered new exit (range 15) 155 | -11/Scrapyard | Entered Materials 268 | -10/Materials | Discovered new exit (range 6) 314 | -10/Materials | Build established: Mutant 352 | -10/Materials | Discovered new exit (range 8) 445 | -10/Materials | Discovered new exit (range 15) 509 | -10/Materials | Discovered new exit (range 17) 708 | -10/Materials | Identified exit to Mines 802 | -10/Materials | Repaired Wheel 822 | -10/Materials | Entered Mines 841 | -10/Mines | Met a Derelict bent on vengeance 864 | -10/Mines | Found a hidden stash of uninstalled traps 928 | -10/Mines | Discovered new exit (range 11) 1059 | -10/Mines | Learned Materials terminal intel 1065 | -10/Mines | Discovered new exit (range 8) 1262 | -10/Mines | Deemed a non-threat by the Exiles lab entrance 1263 | -10/Mines | Discovered new exit (range 5) 1266 | -10/Mines | Entered Exiles 1287 | -10/Exiles | Met 8R-AWN 1299 | -10/Exiles | Met EX-HEX 1326 | -10/Exiles | Met EX-BIN 1335 | -10/Exiles | Aligned with FarCom system 1336 | -10/Exiles | Given EX-Vault access code 1355 | -10/Exiles | Opened EX-Vault 1361 | -10/Exiles | Found Supersonic Drone Bay 1379 | -10/Exiles | Warned to stay clear of 0b10 Research branches 1402 | -10/Exiles | Met EX-DEC 1434 | -10/Exiles | Discovered new exit (range 14) 1443 | -10/Exiles | Left Exiles lab with Supersonic Drone Bay 1443 | -10/Exiles | Entered Mines 1455 | -9/Mines | Learned 2 Materials zone layouts 1464 | -9/Mines | Discovered new exit (range 12) 1749 | -9/Mines | Discovered new exit (range 15) 2324 | -9/Mines | Entered Materials 2324 | -8/Materials | Evolved 4 slots: Propulsion x1, Utility x2, Weapon x1 2326 | -8/Materials | Loaded intel: 12 terminal locations 2798 | -8/Materials | Build established: Hacker-Skirmisher 2931 | -8/Materials | Discovered new exit (range 16) 3172 | -8/Materials | Discovered new exit (range 16) 4010 | -8/Materials | Core integrity fell below 50% 4251 | -8/Materials | Entered Factory 4251 | -7/Factory | Evolved 2 slots: Power x1, Utility x1 4309 | -7/Factory | Repaired Arm. Wheel 4344 | -7/Factory | Repaired Arm. Wheel 4372 | -7/Factory | Repaired Wheel 4474 | -7/Factory | Repaired Rnf. Ion Engine 4535 | -7/Factory | Repaired Hvy. Particle Gun? 4701 | -7/Factory | Fabricated Lrn. Proton Cannon (x1) 4780 | -7/Factory | Fabricated Hacking Suite? 5115 | -7/Factory | Identified exit to Storage 5115 | -7/Factory | Identified exit to Lower Caves 5143 | -7/Factory | Cargo convoy interrupted 5703 | -7/Factory | Fabricated Gatling Laser? 5726 | -7/Factory | Identified exit to Garrison 5728 | -7/Factory | Entered Garrison 5888 | -7/Garrison | Triggered checkpoint 5908 | -7/Garrison | Garrison Relay disabled 6066 | -7/Garrison | Triggered checkpoint 6172 | -7/Garrison | Discovered new exit (range 8) 6193 | -7/Garrison | Installed Relay Interface Framework 6198 | -7/Garrison | Entered Factory 6770 | -7/Factory | Discovered exit to Storage (range 7) 6776 | -7/Factory | Entered Storage 6998 | -7/Storage | Core integrity fell below 50% 7026 | -7/Storage | System corruption reached 10% 7032 | -7/Storage | Core integrity fell below 20% 7064 | -7/Storage | Lost 14 parts (3p3n4u4w) 7139 | -7/Storage | Identified exit to Recycling 7318 | -7/Storage | Build established: Scavenger-Mutant 7385 | -7/Storage | Discovered new exit (range 5) 7430 | -7/Storage | Identified exit to Factory 7431 | -7/Storage | Entered Factory 7431 | -6/Factory | Evolved 2 slots: Propulsion x1, Utility x1 7838 | -6/Factory | Build established: Scavenger-Skirmisher 8142 | -6/Factory | Discovered new exit (range 5) 8276 | -6/Factory | Identified exit to Factory 8278 | -6/Factory | Entered another Factory area 8278 | -5/Factory | Evolved 2 slots: Utility x1, Weapon x1 8514 | -5/Factory | Garrison activated, responded to threat 9074 | -5/Factory | Identified exit to Garrison 9076 | -5/Factory | Entered Garrison 9085 | -5/Garrison | Expanded RIF knowledge: Threat Obfuscation 9152 | -5/Garrison | Triggered checkpoint 9195 | -5/Garrison | Garrison Relay disabled 9372 | -5/Garrison | Triggered checkpoint 9414 | -5/Garrison | Triggered checkpoint 9604 | -5/Garrison | Spotted B-75 Beast 9965 | -5/Garrison | Triggered checkpoint 10016 | -5/Garrison | Destroyed B-75 Beast 10348 | -5/Garrison | Discovered new exit (range 15) 10373 | -5/Garrison | Identified exit to Factory 10527 | -5/Garrison | Discovered exit to Factory (range 11) 10734 | -5/Garrison | Discovered exit to Factory (range 9) 10874 | -5/Garrison | Entered Factory 11174 | -5/Factory | Fabricated Field Propulsion Drive? 11655 | -5/Factory | Identified exit to Upper Caves 12182 | -5/Factory | Discovered new exit (range 14) 12242 | -5/Factory | Core integrity fell below 50% 12336 | -5/Factory | Entered Upper Caves 12351 | -5/Upper Caves | Lost 7 parts (1p1n2u3w) 12592 | -5/Upper Caves | P1-3CE showed up to help 12594 | -5/Upper Caves | P1-3CE revealed a hidden path 12597 | -5/Upper Caves | Identified exit to Factory 13148 | -5/Upper Caves | Discovered new exit (range 69) 13188 | -5/Upper Caves | Found Alien Artifact 13348 | -5/Upper Caves | Learned location of 1 exit from Factory 13964 | -5/Upper Caves | Identified Dimensional Node Initializer 13964 | -5/Upper Caves | Initialized slip node 14032 | -5/Upper Caves | Entered Factory 14032 | -4/Factory | Evolved 2 slots: Propulsion x1, Weapon x1 14033 | -4/Factory | Identified exit to Research 14340 | -4/Factory | Build established: Scavenger-Assassin 14669 | -4/Factory | System corruption reached 10% 14703 | -4/Factory | Lost 15 parts (3p3n1u8w) 14748 | -4/Factory | Lost 4 parts (1n3u) 14752 | -4/Factory | Identified exit to Garrison 14759 | -4/Factory | Core integrity fell below 50% 14847 | -4/Factory | Core integrity fell below 20% 14848 | -4/Factory | Lost 6 parts (1p1n2u2w) 14898 | -4/Factory | Lost 4 parts (2n2u) 14919 | -4/Factory | Destroyed by G-67 Veteran with Field Laser Last Messages --------------- 14909_ S-27 Virus destroyed. 14911_ System corrupted: Energy discharge (-12). 14912_ Slug penetrates Wall. 14912_ Penetrated by Slug. 14912_ K-01 Serf collects debris. 14913_ Slug penetrates Wall. 14914_ Acquired Phase Gun. 14915_ Slug penetrates Wall. 14915_ Penetrated by Slug. 14916_ Slug penetrates L-61 Swordsman. 14916_ Penetrated by Slug. 14916_ Slug penetrates Wall. 14917_ Wall collapses. 14917_ K-01 Serf destroyed. 14917_ R-10 Processor collects Lgt. Nuclear Core. 14918_ Extracted 25 matter. 14918_ Penetrated by Slug. 14918_ Slug penetrates Wall. 14919_ Penetrated by Slug. 14919_ Slug penetrates Wall. Map ----- +----------------------------------------------------+ | ????????? ?# ????????????? | | ???????????# % ???????????? | | ???????????# ####??? ??????????? | | ???????????# ###/#""########?????????????????? | | ???# ""????# # #?????????????????????? | | ???# """"??# #"" #?????? ??????????????? | | ???# # #"T """ #?????????????????????? | | ???# + #"" """ #?????????????????????? | | ????######## # """ #?????????????????????? | | ??????????# #! #?????????????????????? | | ?????????# # #?????????????????????? | | ######### g# #?????????????????????? | | ###########?????????????????????? | | h #???????????????????????????????? | | #???????????????????????????????? | | #???????????????????????????????? | | ? #???????????????????????????????? | | ##############/#######???????????????????????????? | | ????????# ? #???????????????????????????? | | ????????# """""""""?#???????????????????????????? | | ????????# #???????????????????????????? | | ????????# """"""""" #???????????????????????????? | | ????????# #???????????????????????????? | | ????????# """"""""" ########????????????????????? | | ????????# ? =? ## #????????????????????? | | ????????# """"""""" ##[[@%*#????????????????????? | | ????????# ? ##[ llg#????????????????????? | | ????????# """""""""s##[[=h%#????????????????????? | | ????????# %###g##R#????????????????????? | | ????????# Y ghbb #????????????????????? | | ????????################# #????????????????????? | | ????????????????????????# #????????????????????? | | ????????????????????????# #????????????????????? | | ????????????????????????# #????????????????????? | | ????????????????????????# ????????????????????? | | ????????????????????????#? ???????????????????? | | ????????????????????????+ ??????????????????? | | ????????????????????????# #?????????????????? | | ????????????????????????# #?????????????????? | | ???????????????????????? #?????????????????? | | ???????????????????????? +?????????????????? | | ???????????????????????w ####?????????????????? | | ????????????????????????#####????????????????????? | | ?????????????????????????????????????????????????? | | ?????????????????????????????????????????????????? | | ?????????????????????????????????????????????????? | | ?????????????????????????????????????????????????? | | ?????????????????????????????????????????????????? | | ?????????????????????????????????????????????????? | | ?????????????????????????????????????????????????? | +----------------------------------------------------+ Best States ------------- Heat Dissipation 48 Energy Generation 35 Energy Capacity 480 Matter Stores 300 Matter Capacity 400 Sight Range 22 Robot Scan Range 16 Terrain Scan Range 20 Terrain Scan Density 10 ECM Strength 1 Jamming Range 14 Armor Coverage 225 Resistance: KI 20 Resistance: TH 20 Resistance: EX 20 Resistance: EM 20 Resistance: I 20 Resistance: S 20 Resistance: P 20 Point Defense Rating 80 Evasion (%) 56 Targeting Accuracy 8 Melee Accuracy 12 Target Analysis 6 Core Analysis 6 Recoil Reduction 5 Energy Filtering 50 Offensive Hacking 30 Relay Coupler Types 1 Relay Coupler Value 37 Item Schematics ----------------- Hvy. Particle Gun | -8/Materials | Scanalyzed Hacking Suite | -8/Materials | Scanalyzed Robot Schematics ------------------ None Fabricated ------------ Lrn. Proton Cannon | x1 | -7/Factory | Preloaded Hacking Suite | x1 | -7/Factory Gatling Laser | x2 | -7/Factory | Preloaded Field Propulsion Drive | x2 | -5/Factory | Preloaded Alien Tech Used ----------------- Dimensional Node Initializer Achievements -------------- Sniper Challenges ------------ None Game ------ Seed SubatomicInsulationCore Manual? 0 Play Time 03:29:48 Cumulative 56.7 hours Start 2022.05.30 @ 13:28:58 End 2022.05.30 @ 21:56:38 Sessions 3 Manual Loads 0 Difficulty Adventurer Special Mode None Game No. 25 Rogue 0 Adventurer 25 Explorer 0 Win Type - Total 0 Types 0/0/0/0/0/0/0/0/0 Lore% 28 Gallery% 31 Achievement% 26 Wizard Run 0 Options --------- ASCII 0 Keyboard 0 Movement Numpad Keybinds 0 Fullscreen 1 Font 18/SmallcapsGlow Map View 76x50 Tactical HUD 1 Map Filters NONE Filters NONE Steam 1 RUN: ef2ab11b-4956-451a-b81e-fbcf6272e67e